 Dungeon Crawl Stone Soup version 0.21.1-1-g345015fe64 (webtiles) character file.

1498 Ikesh the Thaumaturge (level 8, 0/56 HPs)
             Began as a Mummy Necromancer on June 9, 2018.
             Shot with an arrow by a centaur (14 damage)
             ... on level 7 of the Dungeon.
             The game lasted 00:49:36 (9031 turns).

Ikesh the Thaumaturge (Mummy Necromancer)           Turns: 9031, Time: 00:49:37

Health: 0/56       AC:  2    Str: 16    XL:     8   Next: 52%
Magic:  20/20      EV: 12    Int: 16    God:
Gold:   384        SH:  0    Dex: 13    Spells: 10/23 levels left

rFire    x . .     SeeInvis .   m - +1 trident (protect)
rCold    + . .     Gourm    .   (no shield)
rNeg     + + +     Faith    .   a - +0 robe
rPois    ∞         Spirit   .   l - +0 hat
rElec    .         Reflect  .   (no cloak)
rCorr    .         Harm     .   (no gloves)
MR       +....                  (no boots)
Stlth    ++........             g - amulet of magic regeneration
HPRegen  0.18/turn              e - +5 ring of strength
MPRegen  0.42/turn              (no ring)

@: no status effects
A: no food or potions, fire vulnerability, cold resistance 1, negative energy
resistance 3, torment resistance, unbreathing
a: no special abilities


You were on level 7 of the Dungeon.
You were not hungry.

You visited 2 branches of the dungeon, and saw 8 of its levels.

You collected 384 gold pieces.

Inventory:

Hand Weapons
 i - a +3 spear of flaming
 m - a +1 trident of protection (weapon)
 n - a +0 dagger of protection
Armour
 a - a +0 robe (worn)
 k - a +0 plate armour
 l - a +0 hat (worn)
 p - a +0 buckler
Jewellery
 e - a +5 ring of strength (left hand)
 g - an amulet of magic regeneration (around neck)
Wands
 c - a wand of paralysis (10)
Scrolls
 d - a scroll of fear
 f - 4 scrolls of identify
 h - a scroll of magic mapping
 j - 2 scrolls of remove curse
 s - a scroll of amnesia
Books
 b - a book of Necromancy

   Spells                             Type                      Level
   a - Pain                           Necromancy                   1
   b - Animate Skeleton               Necromancy                   1
   c - Vampiric Draining              Necromancy                   3
   d - Regeneration                   Charms/Necromancy            3
   e - Animate Dead                   Necromancy                   4
   f - Borgnjor's Vile Clutch         Necromancy/Earth             5
 q - a book of Maledictions

   Spells                             Type                      Level
   a - Corona                         Hexes                        1
   b - Ensorcelled Hibernation        Hexes/Ice                    2
   c - Confuse                        Hexes                        3
   d - Tukima's Dance                 Hexes                        3
   e - Dazzling Spray                 Conjuration/Hexes            3


   Skills:
 + Level 2.0 Fighting
 + Level 0.6 Short Blades
 + Level 2.0 Polearms
 + Level 2.2 Dodging
 + Level 3.1 Stealth
 + Level 8.4 Spellcasting
 + Level 7.6 Necromancy


You had 10 spell levels left.
You knew the following spells:

 Your Spells              Type           Power        Failure   Level  Hunger
a - Pain                  Necr           ####         1%          1    N/A
b - Borgnjor's Vile Clut  Necr/Erth      ###.......   52%         5    N/A
c - Animate Dead          Necr           N/A          4%          4    N/A
d - Confuse               Hex            #.......     32%         3    N/A

Dungeon Overview and Level Annotations

Branches:
Dungeon (7/15)             Temple (1/1) D:6

Altars:
Ashenzari
Cheibriados
Dithmenos
Elyvilon
Fedhas
Hepliaklqana
Kikubaaqudgha
Makhleb
Nemelex Xobeh
Okawaru
Qazlal
Ru
Sif Muna
Trog
Uskayaw
Vehumet
Wu Jian
Yredelemnul
Zin
The Shining One

Annotations:
D:5 Dowan; Duvessa; PikkenKukken's ghost, novice MfIE
D:7 Menkaure


Innate Abilities, Weirdness & Mutations

You do not eat or drink.
Your flesh is vulnerable to fire.
You are immune to poison.
Your flesh is cold resistant. (rC+)
You are immune to negative energy. (rN+++)
You are immune to unholy pain and torment.
You can survive without breathing.


Message History

You swap places.
You see here a worker ant corpse.
You swap places.
The ice beast hits you.
* * * LOW HITPOINT WARNING * * *
The ice beast freezes you. You resist.
* * * LOW HITPOINT WARNING * * *
Your ogre zombie closely misses the ice beast.
A bullfrog comes into view.
As you read the scroll of fear, it crumbles to dust.
You assume a fearsome visage.
Your ogre zombie is unaffected.
The ice beast looks frightened!
The bullfrog looks frightened!
The bullfrog gives a loud, deep croak!
You hear an angry growl.
You hear a shout!
Okay, then.
The centaur wields a shortbow.
The centaur shoots an arrow.
The arrow barely misses you.
You see here an arrow.
The centaur shoots an arrow.
The arrow hits you!
You die...

#..###'###.# .# #. #. #..#
#.# #(##.# #. #.
##.###.###.##.# #.##.
#.'.._###.##.# #.... .
#.###.###.##.# #.... .## #.#
#.# #.##.# ####. ..#
#.###'###...c# ###. #.#
#..........<.#######... #.#
#....(@................ #/#
#.##.###......^........ ##.##
#Y##.# ##..Y.#######(..
####.[.###Z##.#
#....#######...
#....?†Z......#
#..............
....#...###.####
#....##########
.$#..........................
#...############..!....######
...# #.#######


You could see a sky beast and a centaur.

Vanquished Creatures
  A water moccasin (D:7)
  An orc warrior (D:6)
  2 sky beasts
  A phantom (D:4)
  2 centaurs (D:5)
  2 ogres
  Blork the orc (D:5)
  2 bullfrogs
  3 hounds
  A jelly (D:5)
  A centaur skeleton (D:4)
  2 orc priests
  An orc wizard (D:6)
  A gnoll shaman (D:5)
  2 worker ants (D:4)
  5 adders
  3 gnolls (D:5)
  A worm (D:2)
  2 dart slugs
  A leopard gecko (D:2)
  25 orcs
  8 bats
  6 giant cockroaches
  6 hobgoblins
  20 jackals
  2 quokkas
  A ball python (D:2)
  7 frilled lizards
  3 goblins (D:1)
  6 kobolds
  A leopard gecko skeleton (D:4)
  A quokka zombie (D:5)
  3 rats
124 creatures vanquished.

Vanquished Creatures (collateral kills)
  2 worker ants
  An ooze (D:6)
  An adder zombie (D:6)
  2 orcs (D:6)
6 creatures vanquished.

Grand Total: 130 creatures vanquished

Notes
Turn   | Place    | Note
-------+----------+-------------------------------------------
     0 | D:1      | Ikesh the Mummy Necromancer began the quest for the Orb.
     0 | D:1      | Reached XP level 1. HP: 13/13 MP: 4/4
   306 | D:1      | Reached XP level 2. HP: 17/19 MP: 2/5
   830 | D:1      | Reached skill level 3 in Spellcasting
   975 | D:2      | Reached XP level 3. HP: 20/24 MP: 0/7
  2093 | D:3      | Reached XP level 4. HP: 30/30 MP: 7/9
  2295 | D:3      | Reached skill level 4 in Spellcasting
  3039 | D:3      | Reached XP level 5. HP: 36/36 MP: 7/11
  3272 | D:3      | Learned a level 5 spell: Borgnjor's Vile Clutch
  3736 | D:4      | Reached skill level 5 in Necromancy
  3789 | D:4      | Found an ancient bone altar of Kikubaaqudgha.
  3996 | D:4      | Reached skill level 5 in Spellcasting
  4130 | D:4      | Found a stormy altar of Qazlal.
  4177 | D:4      | Noticed a phantom
  4225 | D:4      | Killed a phantom
  4225 | D:4      | Reached XP level 6. HP: 15/42 MP: 14/14
  4562 | D:4      | Reached skill level 1 in Fighting
  4694 | D:4      | Learned a level 4 spell: Animate Dead
  4816 | D:5      | Entered Level 5 of the Dungeon
  4822 | D:5      | Noticed Blork the orc
  4979 | D:5      | Noticed PikkenKukken's ghost (novice MfIE)
  5110 | D:5      | Reached skill level 6 in Spellcasting
  5270 | D:5      | Noticed Duvessa
  5545 | D:5      | Killed Blork the orc
  5545 | D:5      | Reached XP level 7. HP: 48/48 MP: 8/16
  6021 | D:5      | Found an ornate altar of the Wu Jian Council.
  6071 | D:5      | Learned a level 3 spell: Confuse
  6096 | D:5      | Reached skill level 1 in Polearms
  6331 | D:5      | Noticed Dowan
  7387 | D:6      | Reached skill level 7 in Spellcasting
  7798 | D:6      | Reached XP level 8. HP: 39/54 MP: 17/19
  7938 | D:6      | Found a staircase to the Ecumenical Temple.
  7960 | Temple   | Entered the Ecumenical Temple
  8416 | D:5      | Found a sparkling altar of Nemelex Xobeh.
  8827 | D:7      | Reached skill level 8 in Spellcasting
  8848 | D:7      | Noticed Menkaure
  8908 | D:7      | Found a shattered altar of Ashenzari.
  9031 | D:7      | Shot with an arrow by a centaur

Skill      XL: |  1  2  3  4  5  6  7  8 |
---------------+-------------------------+-----
Stealth        | 2 3 |  3.1
Spellcasting   | 3 4 5 6 7 8 |  8.4
Necromancy     | 5 6 7 |  7.6
Fighting       | 1 2 |  2.0
Dodging        | 2 |  2.2
Polearms       | 1 2 |  2.0
Short Blades   | |  0.6

Action                   |  1- 3 |  4- 6 |  7- 9 || total
-------------------------+-------+-------+-------++-------
Melee: Short sword       |    28 |       |       ||    28
       Unarmed           |     2 |       |       ||     2
       Spear             |     9 |    49 |    14 ||    72
       Dagger            |       |     2 |       ||     2
       Trident           |       |       |    35 ||    35
 Cast: Pain              |    67 |   101 |    81 ||   249
       Borgnjor's Vile C |       |     2 |     4 ||     6
       Animate Dead      |       |     2 |    11 ||    13
  Use: Scroll            |     1 |     2 |     8 ||    11
 Stab: Distracted        |     1 |       |       ||     1
       Sleeping          |     4 |     2 |     3 ||     9
Armor: Robe              |    11 |     7 |    18 ||    36
Dodge: Dodged            |    47 |    53 |    39 ||   139
